Map: Ice and Chrome LE

Players

KingCobra

  • Race: Protoss Protoss
  • Spawn Location: 1:00

GOStephano (Stephano) - Winner!

  • Race: Zerg Zerg
  • League: Grandmaster
  • Spawn Location: 7:00

Event: DreamHack SC2 Masters 2020 Fall

VOD

Have the link to the VOD?

Description

Time

  • Played on: Aug. 27, 2020, 2:24 p.m.
  • Length: 15:19

All games in this series

Show
View Real Time Build Order
Export as new Build Order

KingCobra Protoss 

Build Orders: 1 Gate Expand, Oracle Opening, Carriers 

Get SALT Encoding   

  12  0:00  Probe  
  13  0:12  Probe  
  14  0:20  Pylon  
  14  0:24  Probe  
  15  0:38  Gateway, Probe (Chrono Boost)  
  16  0:48  Probe (Chrono Boost)  
  17  0:51  Assimilator  
  17  0:53  Probe (Chrono Boost)  
  18  1:04  Probe (Chrono Boost)  
  18  1:06  Assimilator  
  19  1:14  Probe (Chrono Boost)  
  20  1:19  Probe (Chrono Boost)  
  21  1:28  Cybernetics Core  
  21  1:41  Nexus  
  21  1:45  Probe  
  22  1:50  Pylon  
  22  1:57  Probe (Chrono Boost)  
  23  2:09  Probe (Chrono Boost)  
  23  2:10  Stargate  
  24  2:17  Adept, Probe (Chrono Boost)  
  24  2:20  Warp Gate  
  27  2:23  Probe  
  28  2:32  Shield Battery  
  28  2:35  Probe  
  29  2:44  Void Ray (Chrono Boost)  
  29  2:47  Probe  
  30  2:55  Probe  
  35  2:59  Probe  
  35  3:01  Stalker  
  38  3:07  Probe (Chrono Boost)  
  40  3:15  Gateway, Probe (Chrono Boost)  
  40  3:19  Probe (Chrono Boost)  
  41  3:23  Pylon  
  41  3:26  Probe (Chrono Boost)  
  43  3:27  Probe (Chrono Boost)  
  43  3:30  Oracle  
  46  3:41  Assimilator, Probe x2  
  46  3:44  Assimilator  
  48  3:53  Probe x2, Pylon  
  50  4:05  Twilight Council, Probe (Chrono Boost)  
  50  4:06  Forge  
  50  4:07  Probe (Chrono Boost)  
  53  4:18  Adept x2, Probe (Chrono Boost)  
  53  4:23  Probe (Chrono Boost)  
  58  4:24  Probe (Chrono Boost)  
  58  4:30  Probe  
  60  4:32  Probe  
  60  4:34  Nexus  
  61  4:39  Protoss Ground Weapons Level 1  
  61  4:42  Probe  
  61  4:44  Pylon  
  62  4:47  Charge (Chrono Boost)  
  62  4:50  Pylon  
  62  5:02  Probe x2  
  62  5:04  Templar Archives  
  64  5:09  Shield Battery  
  64  5:14  Probe x2  
  64  5:19  Psionic Storm, Pylon  
  66  5:24  Photon Cannon  
  66  5:26  Gateway  
  66  5:27  Gateway  
  66  5:31  Shield Battery  
  66  5:38  Probe x2  
  66  5:42  High Templar x2  
  72  5:46  Gateway  
  72  5:48  Gateway  
  72  5:50  Probe x2  
  72  5:56  Pylon  
  74  6:00  Gateway  
  74  6:01  Gateway  
  74  6:03  Probe x3  
  77  6:05  Assimilator  
  77  6:09  Assimilator  
  77  6:15  High Templar x2  
  81  6:19  Probe x2  
  81  6:20  Photon Cannon  
  81  6:21  Shield Battery  
  81  6:22  Zealot x2  
  87  6:46  Zealot x4  
  88  6:58  Probe x3  
  91  7:03  Zealot x3  
  91  7:04  Zealot  
  89  7:29  Gateway, Probe x2  
  91  7:30  High Templar x3, Photon Cannon  
  91  7:31  High Templar  
  91  7:32  Shield Battery  
  91  7:36  Fleet Beacon  
  91  7:37  Stargate  
  99  7:40  Pylon  
  93  7:47  Photon Cannon  
  93  7:48  Probe x3  
  92  7:52  Protoss Air Weapons Level 1 (Chrono Boost)  
  92  7:58  Gateway  
  92  8:00  Gateway, Probe x2  
  92  8:02  Zealot x3, Gateway  
  92  8:03  Zealot x3  
  106  8:06  Gateway  
  106  8:07  Probe  
  106  8:10  Pylon x2  
  106  8:12  Probe x2  
  109  8:23  Carrier (Chrono Boost)  
  109  8:26  Nexus, Carrier (Chrono Boost)  
  115  8:27  Pylon  
  121  8:40  Pylon  
  121  8:46  Photon Cannon  
  121  8:48  Protoss Ground Weapons Level 2 (Chrono Boost), Gateway x2  
  113  8:51  Shield Battery  
  113  8:53  Zealot x3  
  113  8:54  Assimilator  
  117  8:58  Assimilator  
  117  9:04  High Templar x4  
  117  9:09  Archon  
  125  9:10  Archon  
  123  9:17  Mothership (Chrono Boost)  
  131  9:25  Pylon  
  131  9:31  Gateway  
  131  9:32  Carrier (Chrono Boost)  
  131  9:33  Gateway  
  131  9:34  Photon Cannon  
  131  9:36  Shield Battery  
  133  9:46  Carrier (Chrono Boost)  
  133  9:52  Pylon  
  139  9:54  Pylon  
  139  9:59  Zealot x5  
  149  10:13  Cybernetics Core  
  149  10:20  Protoss Air Weapons Level 2 (Chrono Boost)  
  149  10:21  Zealot x4  
  149  10:22  Zealot  
  149  10:25  Dark Shrine  
  157  10:40  Carrier (Chrono Boost)  
  155  10:46  Carrier (Chrono Boost)  
  159  10:57  Zealot x5  
  159  10:58  Zealot x2  
  159  11:01  Pylon  
  159  11:02  Pylon  
  165  11:16  Protoss Ground Weapons Level 3  
  165  11:21  Robotics Facility  
  161  11:37  Carrier x2 (Chrono Boost)  
  161  11:38  Protoss Air Armor Level 1 (Chrono Boost)  
  157  11:54  Zealot x3  
  149  12:22  Pylon  
  145  12:31  Oracle (Chrono Boost), Zealot x7  
  147  12:41  Zealot x6  
  151  12:55  Observer (Chrono Boost)  
  152  12:58  Carrier  
  152  13:01  Carrier  
  152  13:02  Photon Cannon  
  152  13:03  Gateway  
  152  13:05  Shield Battery, Photon Cannon  
  164  13:31  Nexus  
  164  13:32  Pylon  
  164  13:46  Zealot  
  164  13:47  Zealot x3  
  146  14:15  Photon Cannon  
  154  14:17  Gateway  
  154  14:18  Gateway  
  154  14:21  Shield Battery  
  154  14:27  Assimilator  
  164  14:31  Assimilator  
  164  14:47  Zealot x3  
  164  14:48  Zealot x2  
Show
View Real Time Build Order
Export as new Build Order

GOStephano Zerg - Winner!

Build Orders: Hatch First, Lurkers 

Get SALT Encoding   

  12  0:00  Drone  
  13  0:12  Overlord  
  13  0:17  Drone  
  14  0:30  Drone x2  
  16  0:47  Hatchery  
  15  0:50  Drone  
  15  0:54  Drone  
  17  0:57  Drone  
  18  1:07  Extractor  
  17  1:13  Spawning Pool  
  17  1:15  Drone  
  17  1:19  Drone  
  18  1:28  Drone  
  19  1:38  Drone  
  20  1:49  Drone  
  21  1:59  Queen x2  
  21  2:00  Zergling x2  
  21  2:01  Drone  
  27  2:10  Drone, Overlord  
  28  2:20  Metabolic Boost  
  28  2:29  Hatchery  
  27  2:33  Drone x2  
  29  2:38  Queen  
  29  2:42  Drone  
  32  2:45  Overlord  
  32  2:49  Drone  
  33  2:52  Drone  
  33  2:56  Drone  
  33  2:57  Drone  
  36  3:04  Overlord x2  
  36  3:09  Drone x2  
  36  3:10  Drone  
  39  3:14  Drone x2  
  41  3:20  Queen  
  41  3:24  Drone, Spore Crawler  
  43  3:28  Drone x2  
  43  3:32  Overlord  
  43  3:33  Drone  
  47  3:38  Drone  
  47  3:39  Drone  
  47  3:40  Drone x2  
  51  3:44  Lair  
  51  3:46  Drone  
  51  3:48  Zergling x2  
  53  3:49  Zergling x2  
  53  3:53  Spore Crawler  
  53  3:54  Drone  
  53  3:55  Extractor x2  
  53  4:00  Drone x3  
  55  4:03  Spore Crawler  
  55  4:05  Drone  
  55  4:06  Drone x2  
  55  4:09  Spore Crawler  
  56  4:13  Drone x2  
  56  4:14  Drone  
  56  4:15  Drone  
  56  4:16  Drone  
  61  4:21  Drone  
  62  4:27  Zergling x6  
  65  4:34  Drone  
  65  4:38  Spore Crawler  
  65  4:39  Drone  
  65  4:41  Drone  
  65  4:43  Overlord  
  66  4:47  Overlord  
  66  4:48  Hydralisk Den  
  66  4:49  Overlord  
  66  4:52  Overlord  
  66  4:55  Overlord  
  66  4:57  Drone  
  66  5:01  Overlord  
  66  5:09  Overlord  
  66  5:13  Drone  
  67  5:18  Hydralisk x7  
  83  5:22  Muscular Augments  
  80  5:30  Queen x3  
  80  5:32  Hydralisk  
  88  5:35  Extractor  
  88  5:37  Evolution Chamber, Extractor, Hydralisk  
  88  5:39  Zergling x12  
  93  5:46  Hydralisk x2  
  97  5:55  Drone x2  
  97  5:56  Drone  
  100  5:57  Drone  
  100  5:58  Drone  
  100  5:59  Drone  
  100  6:03  Hatchery  
  102  6:05  Drone x3  
  105  6:11  Drone  
  105  6:13  Drone x2  
  105  6:14  Drone x2  
  110  6:18  Drone  
  110  6:19  Drone x3  
  110  6:21  Zerg Missile Weapons Level 1  
  110  6:22  Evolution Chamber  
  110  6:24  Drone x3  
  116  6:29  Overlord  
  116  6:31  Drone x2  
  116  6:32  Drone, Extractor  
  118  6:34  Grooved Spines  
  111  6:47  Hydralisk x3  
  111  6:50  Drone  
  110  6:55  Drone x9  
  110  6:59  Infestation Pit  
  118  7:03  Drone x2  
  112  7:13  Hydralisk x5  
  112  7:16  Zerg Ground Armor Level 1  
  112  7:20  Lurker Den  
  107  7:23  Hydralisk x4  
  107  7:29  Zergling x10  
  118  7:31  Extractor  
  118  7:32  Hydralisk  
  118  7:34  Extractor, Zergling x4  
  117  7:45  Drone x2  
  118  7:51  Hive  
  118  7:53  Overseer  
  118  7:54  Pneumatized Carapace  
  118  7:55  Drone x2  
  118  7:56  Drone  
  121  8:07  Hatchery  
  121  8:08  Drone x4  
  124  8:16  Zerg Missile Weapons Level 2  
  124  8:17  Hydralisk x6  
  136  8:25  Overlord  
  136  8:26  Overlord x2  
  136  8:27  Overlord  
  135  8:33  Hatchery  
  134  8:34  Overlord  
  134  8:38  Overlord  
  134  8:42  Overlord  
  134  8:44  Overlord  
  134  8:47  Hydralisk x7  
  134  8:48  Hatchery  
  144  8:55  Drone x5  
  147  8:56  Drone x4  
  151  9:03  Hydralisk  
  151  9:04  Hydralisk x3  
  151  9:08  Seismic Spines  
  159  9:15  Overlord  
  159  9:21  Queen  
  161  9:24  Zerg Ground Armor Level 2  
  161  9:25  Hydralisk  
  161  9:26  Hydralisk x2  
  161  9:31  Overlord  
  167  9:34  Lurker x2  
  167  9:36  Extractor, Viper  
  167  9:37  Viper  
  172  9:39  Extractor, Overseer  
  172  9:41  Overseer  
  172  9:42  Drone x3  
  172  9:43  Drone x2  
  176  9:47  Drone  
  176  9:48  Drone  
  176  9:52  Extractor  
  177  9:53  Extractor  
  177  9:55  Lurker x3  
  177  9:59  Zergling x28  
  193  10:05  Adaptive Talons  
  193  10:11  Drone x3  
  196  10:14  Spine Crawler  
  196  10:15  Spine Crawler  
  196  10:17  Spine Crawler  
  196  10:18  Spine Crawler  
  196  10:21  Spire x2  
  191  10:25  Zergling x2  
  191  10:26  Zergling x2  
  194  10:33  Drone x3  
  190  10:39  Drone x3, Spine Crawler x2  
  190  10:40  Drone x3  
  190  10:42  Spine Crawler x2  
  191  10:48  Spine Crawler  
  191  10:49  Spine Crawler, Zerg Missile Weapons Level 3  
  188  10:50  Spine Crawler  
  186  11:00  Spine Crawler  
  183  11:08  Hydralisk x10  
  198  11:14  Spine Crawler  
  198  11:16  Spine Crawler  
  194  11:35  Drone x6  
  194  11:39  Lurker x2  
  199  11:44  Zerg Flyer Armor Level 1, Zerg Flyer Weapons Level 1, Zerg Ground Armor Level 3  
  199  11:45  Overseer  
  199  11:53  Overseer x2  
  197  12:12  Hydralisk x2  
  184  12:23  Overlord x3  
  177  12:39  Corruptor x15  
  181  12:48  Corruptor x6  
  181  12:49  Corruptor x4  
  196  13:09  Overseer x3  
  196  13:24  Zergling x8, Hatchery  
  196  13:26  Overseer x2  
  199  13:29  Hatchery  
  192  13:52  Hydralisk x5  
  196  13:57  Spine Crawler, Corruptor x4  
  196  13:58  Spine Crawler  
  191  14:10  Lurker x5  
  191  14:11  Lurker  
  196  14:32  Lurker x3  
  199  14:46  Spore Crawler x2  
  199  14:47  Spore Crawler x3  

Tags
 
Add a new tag
Caveats
  • Supply blocks, unpowered buildings, or Contaminate may cause inaccurate times.
  • Supply counts are checked every 10 seconds.